 Dungeon Crawl Stone Soup version 0.31-a0-988-g08d55dae12 (webtiles) character file.

Game seed: 18363373165978470237

2 Azuregosa the Sneak (level 1, -1/19 HPs)
             Began as a Draconian Delver on Nov 5, 2023.
             Killed from afar by an orc wizard (9 damage)
             ... with a puff of flame
             ... on level 6 of the Dungeon.
             The game lasted 00:02:12 (141 turns).

Azuregosa the Sneak (Draconian Delver)               Turns: 141, Time: 00:02:12

Health: -1/19      AC:  4    Str: 14    XL:     1   Next: 25%
Magic:  1/1        EV: 12    Int: 14    God:
Gold:   6          SH:  0    Dex: 15    Spells: 0/0 levels left

rFire   . . .        g - +9 trident "Uguajih" {venom, *Slow rPois Int+4 Dex+3}
rCold   . . .        (no shield)
rNeg    . . .        (body armour unavailable)
rPois   +            (helmet restricted)
rElec   .            (no cloak)
rCorr   .            (no gloves)
SInv    .            (no boots)
Will    .....        (no amulet)
Stlth   +            (no ring)
HPRegen 0.23/turn    (no ring)
MPRegen 0.07/turn

%: slow self (1%)
@: confused, slowed, very slow
A: AC +4, unfitting armour, cold-blooded
a: no special abilities


You were on level 6 of the Dungeon.
You visited 1 branch of the dungeon, and saw 2 of its levels.

You collected 6 gold pieces.

Inventory:

Hand Weapons
 a - a +0 hand axe
 g - the +9 trident "Uguajih" (weapon) {venom, *Slow rPois Int+4 Dex+3}
   (You found it on level 6 of the Dungeon)

   Int+4:     It affects your intelligence (+4).
   Dex+3:     It affects your dexterity (+3).
   rPois:     It protects you from poison *Slow: It may slow you when you take
   damage.
Missiles
 c - 5 stones
Wands
 f - a wand of digging (3)
Scrolls
 b - a scroll of fog
Potions
 e - a potion of haste


   Skills:
 - Level 3.2 Fighting
 - Level 2.0 Axes
 - Level 1.7 Dodging
 + Level 4.6 Stealth


You couldn't memorise any spells.
You didn't know any spells.
Your spell library contained the following spells:

 Spells                   Type           Power      Damage    Failure   Level
 Inner Flame              Hex/Fire       0%         N/A       65%         3
 Yara's Violent Unravell  Hex/Tmut       0%         3d3       100%        5
 Enfeeble                 Hex            0%         N/A       100%        7


Dungeon Overview and Level Annotations

Branches:
Dungeon (6/15)
 Temple: D:4-7

Altars:

Annotations:
D:5 Pikel
D:6 Jeremiah


Innate Abilities, Weirdness & Mutations

Your plain brown scales are hard. (AC +4)
You cannot fit into any form of body armour.
You are cold-blooded and may be slowed by cold attacks.


Message History

You see here the +9 trident "Uguajih" {venom, *Slow rPois Int+4 Dex+3}.
g - the +9 trident "Uguajih" {venom, *Slow rPois Int+4 Dex+3} You feel clever.
You feel agile.
The +9 trident "Uguajih" {venom, *Slow rPois Int+4 Dex+3} begins to drip with poison!
g - the +9 trident "Uguajih" (weapon)
{venom, *Slow rPois Int+4 Dex+3} 2 orcs come into view.
An orc comes into view. It is wielding a +0 club.
The orc shouts!
You hear a shout!
An orc wizard comes into view. It is wielding a +0 dagger.
An orc priest comes into view. It is wielding a +0 whip.
The orc shouts!
You hear a shout!
The orc attacks as it pursues you! The orc hits you with a +0 mace.
The orc attacks as it pursues you! The orc hits you with a +0 mace.
A black bear comes into view.
The black bear growls angrily.
You hear an angry hiss.
You closely miss the orc. The orc closely misses you.
You puncture the orc!
You kill the orc!
The orc wizard points at you and mumbles some strange words.
The magic dart hits you. The black bear barely misses you.
The black bear misses you. The black bear claws you.
You hit the black bear.
The black bear is lightly wounded.
The black bear barely misses you. The black bear claws you.
You feel yourself slow down.
The black bear claws you but does no damage.
As you read the scroll of fear, it crumbles to dust.
You assume a fearsome visage.
The orc wizard looks frightened!
The orc looks frightened!
The black bear looks frightened!
The orc wizard gestures wildly while chanting.
The orc wizard flickers and vanishes!
Deactivating autopickup; reactivate with Ctrl-A.
You hear a shout!
You hear some strange, mumbled words.
You are confused.
Found a robe.
A puff of flame appears from out of thin air!
The puff of flame hits you!
You die...

#..# [. # #..# . ###. #.
#..# #. ...
######.o###..### .#.
##.##....o.oo...[...
#...#...#.#########o.###
..........# #o.#
#.........#########..#
.......@...{S)..o##.o#
##........####.#h##..#
#.#......##...#.....#
##........#####...#
##.#..##...#....##
#.#..#....#....# .......
#...#### ##.#..## ##.##
#### #.#####...


You could see an adder.

Vanquished Creatures
  An orc (D:6)
1 creature vanquished.

Notes
Turn   | Place    | Note
-------+----------+-------------------------------------------
     0 | D:5      | Azuregosa the Draconian Delver began the quest for the Orb.
     0 | D:5      | Reached XP level 1. HP: 19/19 MP: 1/1
     0 | D:5      | Noticed Pikel
     0 | D:5      | Noticed a lemure
     0 | D:5      | Noticed a lemure
     0 | D:5      | Noticed a lemure
     0 | D:5      | Noticed a lemure
     2 | D:6      | Noticed Jeremiah
    68 | D:6      | Noticed a black bear
    72 | D:6      | Noticed an iguana
    74 | D:6      | Noticed a scorpion
   113 | D:6      | Identified the +9 trident "Uguajih" {venom, *Slow rPois
                  | Int+4 Dex+3}
   119 | D:6      | Noticed an orc wizard
   119 | D:6      | Noticed an orc priest
   129 | D:6      | Noticed a black bear
   141 | D:6      | Killed from afar by an orc wizard

Illustrated notes

Levels and vault maps discovered:
D:5:      nicolae_BIG_FREAKIN_CUBE, layout_cave_pools, enter_ossuary_3,
          minmay_misc_feat_nine_boxes, uniq_pikel, uniq_blork_the_orc
D:6:      layout_loops_ring, uniq_jeremiah

Action                     || total
---------------------------++-------
  Melee: Trident           ||     3
    Use: Scroll            ||     2
 Armour: Skin              ||    10
  Dodge: Dodged            ||     7

Table legend: (Time is in decaauts)
 A = Elapsed time spent in this place.
 B = Non-inter-level travel time spent in this place.
 C = Inter-level travel time spent in this place.
 D = Time resting spent in this place.
 E = Time spent auto-exploring this place.
 F = Levels seen in this place.
 G = Mean time per level.
                   A        B        C        D        E       F      G
               +--------+--------+--------+--------+--------+-----+--------+
         Total |    143 |    143 |      0 |     13 |      6 |   2 |   71.5 |
       Dungeon |    143 |    143 |      0 |     13 |      6 |   2 |   71.5 |
               +--------+--------+--------+--------+--------+-----+--------+

Top non-repeatable levels by time:
     D:6: 141 daAuts
     D:5: 2 daAuts
